 Dungeon Crawl Stone Soup version 0.30-a0-29-g142975f185 (webtiles) character file.

Game seed: 11994173438812177621

5250 robertstho the Thaumaturge (level 10, 0/70 HPs)
             Began as a Djinni Fire Elementalist on Aug 26, 2022.
             Was a Believer of Makhleb.
             Slain by a gnoll
             ... wielding a +0 halberd
             ... led by a gnoll sergeant
              (10 damage)
             ... on level 9 of the Dungeon.
             The game lasted 00:13:15 (11228 turns).

robertstho the Thaumaturge (DjFE)                  Turns: 11228, Time: 00:13:15

Health: 0/70       AC:  9    Str:  7    XL:     10   Next: 93%
Gold:   520        EV: 27    Int: 21    God:    Makhleb [**....] SH:  0 Dex: 14

rFire   + + .      SeeInvis +    i - +11 hammer of Wuruvokk {venom, rCorr}
rCold   x . .      Faith    .    (no shield)
rNeg    . . .      Spirit   .    K - +0 acid dragon scales
rPois   ∞          Reflect  .    u - +0 helmet
rElec   .          Harm     .    n - +0 cloak
rCorr   +          Rampage  .    y - +0 pair of gloves
Will    +....                    (boots unavailable)
Stlth   ++........               x - amulet of the acrobat
HPRegen 0.21/turn                e - +4 ring of slaying
MPRegen 0.00/turn                B - ring of see invisible

@: acrobatic, flying
A: sickness immunity, fire resistance 2, cold vulnerability 1, float, innate
caster, HP casting, extra vitality 1
a: Renounce Religion, Minor Destruction


You were on level 9 of the Dungeon.
You worshipped Makhleb.
Makhleb was pleased with you.
You visited 2 branches of the dungeon, and saw 10 of its levels.

You collected 520 gold pieces.

Inventory:

Hand Weapons
 i - the +11 hammer of Wuruvokk (weapon) {venom, rCorr}
   (You found it on level 5 of the Dungeon)

   It poisons the flesh of those it strikes.
   rCorr:     It protects you from acid and corrosion.
 C - the +7 hand axe of Bodily Harmony {flame, Int+2 Dex+6 SInv}
   (You found it on level 7 of the Dungeon)

   It burns those it strikes, dealing additional fire damage.
   Big, fiery blades are also staple armaments of hydra-hunters.
   Int:       It affects your intelligence (+2).
   Dex:       It affects your dexterity (+6).
   SInv:      It lets you see invisible.
Armour
 n - a +0 cloak (worn)
 u - a +0 helmet (worn)
 y - a +0 pair of gloves (worn)
 K - +0 acid dragon scales (worn)
Jewellery
 e - a +4 ring of slaying (left hand)
 g - a ring of ice
 m - a ring of ice
 x - an amulet of the acrobat (around neck)
 B - a ring of see invisible (right hand)
Wands
 a - a wand of flame (14)
 I - a wand of mindburst (18)
Scrolls
 b - 3 scrolls of identify
 c - 2 scrolls of enchant armour
 f - a scroll of vulnerability {unknown}
 h - 3 scrolls of immolation {unknown}
 k - 2 scrolls of poison {unknown}
 l - 2 scrolls of enchant weapon {unknown}
 r - 2 scrolls of teleportation {unknown}
 s - 2 scrolls of summoning
 A - a scroll of amnesia {unknown}
 H - a scroll of fear {unknown}
 J - a scroll of magic mapping
Potions
 d - a potion of resistance
 j - 2 potions of haste
 p - 2 potions of attraction {unknown}
 q - 3 potions of mutation
 v - a potion of brilliance {unknown}
 w - a potion of ambrosia
 D - 2 potions of degeneration {unknown}
 E - a potion of invisibility


   Skills:
 * Level 5.2 Fighting
 + Level 1.3 Maces & Flails
 + Level 0.5 Armour
 + Level 3.5 Dodging
 + Level 3.0 Stealth
 * Level 10.6 Spellcasting
 * Level 3.0 Invocations


You had 7 spell levels left.
You knew the following spells:

 Your Spells              Type           Power      Damage    Failure   Level
a - Foxfire               Conj/Fire      100%       2x1d9     1%          1
b - Scorch                Fire           100%       2d10      1%          2
c - Conjure Flame         Conj/Fire      54%        6-21      1%          3
d - Inner Flame           Hex/Fire       54%        N/A       1%          3
e - Flame Wave            Conj/Fire      54%        2d13      1%          4
f - Shock                 Conj/Air       100%       1d9       1%          1
g - Blink                 Tloc           100%       N/A       1%          2
h - Dazzling Flash        Conj/Hex       100%       N/A       1%          3
i - Summon Ice Beast      Ice/Summ       54%        N/A       1%          4
Your spell library was empty.

Dungeon Overview and Level Annotations

Branches:
Dungeon (9/15)             Temple (1/1) D:5
   Lair: D:8-11         Orc: D:9-12

Altars:
Ashenzari
Cheibriados
Dithmenos
Elyvilon
Hepliaklqana
Makhleb
Nemelex Xobeh
Okawaru
Ru
Trog
Uskayaw
Wu Jian
Xom
Yredelemnul
Zin
The Shining One


Innate Abilities, Weirdness & Mutations

You are immune to sickness and miasma.
You are immune to poison.
Your flesh is very heat resistant. (rF++)
You are vulnerable to cold. (rC-)
You float through the air rather than walking.
You learn spells naturally, not from books.
Your magical power is your life essence.
You have superior vitality. (+4 MHP)


Message History

You kill the orc!
Makhleb accepts your kill.
The flame wave engulfs the killer bee!
You kill the killer bee!
Makhleb accepts your kill.
You feel better.
* * * LOW HITPOINT WARNING * * *
You hear a shout!
A gnoll comes into view. It is wielding a +0 halberd.
Unknown command.
A wave of flame ripples out!
The flame wave engulfs the killer bee!
The killer bee is almost dead.
The flame wave engulfs the orc priest!!
You kill the orc priest!
Makhleb accepts your kill.
You feel better.
The flame wave engulfs the orc.
The orc is almost dead.
The flame wave engulfs the killer bee!
You kill the killer bee!
Makhleb accepts your kill.
* * * LOW HITPOINT WARNING * * *
You finish channelling waves of flame.
The killer bee misses you. The killer bee completely misses you.
Unknown command.
Unknown command.
Unknown command.
You feel better. The killer bee stings you. The killer bee barely misses you.
Unknown command.
Unknown command.
Okay, then.
Casting: Flame Wave (dangerous; 1% risk of failure)
Confirm with . or Enter, or press ? or * to list all spells.
You blink.
* * * LOW HITPOINT WARNING * * *
The gnoll hits you with a +0 halberd!
* * * LOW HITPOINT WARNING * * *
The gnoll sergeant barely misses you.
Found 11 gold pieces.
The gnoll hits you from afar with a +0 halberd!
You die...

..############
........................
........................
........................
........................
...................)))..
....................)..÷
$..................))))<
.......@...........)....
.........g>o............
........)g.y............
.........gg..)§........#
#####.......############
#.......# #.......#
#.......# #.......#


You could see a gnoll sergeant, a killer bee, 3 gnolls and an orc.

Vanquished Creatures
  Pikel (D:5)
  Psyche (D:9)
  A troll (D:8)
  Sigmund (D:3)
  A shadow (D:9)
  A wyvern (D:7)
  6 yaks
  An acid dragon (D:9)
  A water moccasin (D:5)
  A black bear (D:6)
  A sky beast (D:8)
  An orc warrior (D:8)
  An ogre (D:6)
  2 centaurs
  A lemure (D:5)
  A phantom (D:6)
  4 kobold brigands
  A necrophage (D:5)
  4 wights (D:6)
  13 killer bees
  A howler monkey (D:7)
  4 hounds
  5 orc priests
  Crazy Yiuf (D:5)
  A gnoll bouda (D:8)
  10 orc wizards
  Ijyb (D:3)
  Robin (D:3)
  8 gnolls
  8 adders
  5 shadow imps
  2 white imps
  An ufetubus (D:5)
  A worm (D:2)
  2 dart slugs
  39 orcs
  7 endoplasms
  7 giant cockroaches
  20 goblins
  11 hobgoblins
  6 jackals
  5 ball pythons
  4 bats
  4 frilled lizards
  25 kobolds
  5 rats
228 creatures vanquished.

Vanquished Creatures (collateral kills)
  A killer bee (D:9)
1 creature vanquished.

Vanquished Creatures (others)
  634 foxfires
634 creatures vanquished.

Grand Total: 863 creatures vanquished

Notes
Turn   | Place    | Note
-------+----------+-------------------------------------------
     0 | D:1      | robertstho the Djinni Fire Elementalist began the quest for
                  | the Orb.
     0 | D:1      | robertstho set off with the following spells memorised:
                  | Foxfire, Scorch, Conjure Flame, Inner Flame, Flame Wave.
     0 | D:1      | Reached XP level 1. HP: 15/15 MP: 0/0
   273 | D:1      | Reached XP level 2. HP: 17/21 MP: 0/0
   744 | D:1      | Found a faded altar of an unknown god.
   854 | D:1      | Reached skill level 3 in Spellcasting
  1162 | D:1      | Reached XP level 3. HP: 24/26 MP: 0/0
  1162 | D:1      | Learned a level 1 spell: Shock
  1826 | D:2      | Reached XP level 4. HP: 27/31 MP: 0/0
  1830 | D:2      | Reached skill level 1 in Fighting
  2353 | D:3      | Noticed Sigmund
  2358 | D:3      | Noticed Ijyb
  2360 | D:3      | Killed Sigmund
  2361 | D:3      | Reached skill level 4 in Spellcasting
  2361 | D:3      | Reached XP level 5. HP: 15/38 MP: 0/0
  2361 | D:3      | Learned a level 2 spell: Blink
  2361 | D:3      | Reached XP level 6. HP: 17/43 MP: 0/0
  2369 | D:3      | Killed Ijyb
  3044 | D:3      | Noticed Robin
  3061 | D:3      | Killed Robin
  3083 | D:3      | Reached skill level 5 in Spellcasting
  3703 | D:4      | Reached XP level 7. HP: 42/49 MP: 0/0
  3703 | D:4      | Learned a level 3 spell: Dazzling Flash
  4760 | D:5      | Entered Level 5 of the Dungeon
  4782 | D:5      | Found a hide-covered altar of Uskayaw.
  4817 | D:5      | Noticed a water moccasin
  4817 | D:5      | Noticed Pikel
  5042 | D:5      | Noticed a yak
  5054 | D:5      | Killed a yak
  5055 | D:5      | Reached skill level 6 in Spellcasting
  5057 | D:5      | Noticed a yak
  5060 | D:5      | Noticed a yak
  5061 | D:5      | Noticed a yak
  5062 | D:5      | Noticed a yak
  5063 | D:5      | Killed a yak
  5064 | D:5      | Reached XP level 8. HP: 36/55 MP: 0/0
  5070 | D:5      | Killed a yak
  5075 | D:5      | Killed a yak
  5076 | D:5      | Reached skill level 7 in Spellcasting
  5085 | D:5      | Killed a yak
  5349 | D:5      | Killed Pikel
  5350 | D:5      | Reached skill level 8 in Spellcasting
  5350 | D:5      | Reached XP level 9. HP: 29/62 MP: 0/0
  5350 | D:5      | Learned a level 4 spell: Summon Ice Beast
  5705 | D:5      | Found a staircase to the Ecumenical Temple.
  6036 | D:5      | Identified the +11 hammer of Wuruvokk {venom, rCorr}
  6038 | D:5      | Found a runed translucent door.
  6039 | D:5      | Noticed Crazy Yiuf
  6119 | D:5      | Killed Crazy Yiuf
  6286 | Temple   | Entered the Ecumenical Temple
  6603 | Temple   | Became a worshipper of Makhleb the Destroyer
  6980 | D:6      | Reached skill level 9 in Spellcasting
  7112 | D:6      | Reached skill level 1 in Invocations
  8298 | D:7      | Identified the +7 hand axe of Bodily Harmony {flame, Int+2
                  | Dex+6 SInv}
  8371 | D:7      | Reached * piety under Makhleb
  8452 | D:7      | Reached XP level 10. HP: 69/69 MP: 0/0
  9328 | D:8      | Found a hazy altar of Hepliaklqana.
  9716 | D:8      | Found a bloodstained altar of Trog.
  9729 | D:8      | Reached skill level 1 in Maces & Flails
  9736 | D:8      | Reached skill level 10 in Spellcasting
  9762 | D:8      | Reached ** piety under Makhleb
 10469 | D:8      | Found a large runed translucent door.
 10470 | D:8      | Found a large runed translucent door.
 10865 | D:8      | Found a shadowy altar of Dithmenos.
 10868 | D:8      | Found a basalt altar of Yredelemnul.
 10927 | D:9      | Reached skill level 5 in Fighting
 11143 | D:9      | Noticed Psyche
 11150 | D:9      | Killed Psyche
 11228 | D:9      | Slain by a gnoll

Illustrated notes

Levels and vault maps discovered:
D:1:      tarquinn_simple_flora_water_b, layout_loops_cross,
          dreamdust_ecumenical_altar_statues, serial_glass, glass_columns_a,
          glass_columns_c
D:2:      layout_rooms
D:3:      layout_basic, uniq_robin, uniq_sigmund, uniq_ijyb
D:4:      cheibrodos_greedy_goblins, layout_gridville
D:5:      layout_loops_ring, lemuel_doored_altar,
          minmay_temple_entry_mini_moons, uniq_crazy_yiuf_cottage, uniq_pikel
D:6:      layout_basic, chequers_serial_rivers_large_a
D:7:      layout_basic, serial_corexii_hall, corexii_hall_statues_u,
          corexii_hall_statues_deadend, corexii_hall_statues_deadend,
          chequers_hall_statues_wall_a, kennysheep_generic_room_6
D:8:      layout_basic, mainiacjoe_overflow_brackets, mainiacjoe_overflow_paths,
          jmf_multi_god_temple2, nrook_campfire, kennysheep_path_1
D:9:      layout_cross, mainiacjoe_overflow_two_lobes, lair_entry_dummy,
          uniq_psyche
Temple:   minmay_temple_forest_path

Skill      XL: |  1  2  3  4  5  6  7  8  9 10 |
---------------+-------------------------------+-----
Spellcasting   | 3 4 5 6 8 9 10 | 10.6
Fighting       | 1 2 3 4 5 |  5.2
Stealth        | 2 3 |  3.0
Dodging        | 3 |  3.5
Invocations    | 1 3 |  3.0
Maces & Flails | 1 |  1.3
Armour         | |  0.5

Action                   |  1- 3 |  4- 6 |  7- 9 | 10-12 || total
-------------------------+-------+-------+-------+-------++-------
Melee: Dagger            |       |       |     4 |       ||     4
       Mace              |       |       |    17 |    10 ||    27
 Cast: Foxfire           |    72 |    31 |   158 |   106 ||   367
       Scorch            |     1 |    29 |    52 |    23 ||   105
       Flame Wave        |       |     1 |     6 |     9 ||    16
       Conjure Flame     |       |       |     4 |       ||     4
       Summon Ice Beast  |       |       |     1 |     1 ||     2
       Blink             |       |       |       |     1 ||     1
  Use: Scroll            |       |     4 |     5 |     3 ||    12
       Potion            |       |     2 |     2 |     1 ||     5
Armor: Robe              |     1 |     4 |     5 |    10 ||    20
       Acid dragon scale |       |       |       |     4 ||     4
Dodge: Dodged            |     5 |    16 |    27 |    51 ||    99

Table legend: (Time is in decaauts)
 A = Elapsed time spent in this place.
 B = Non-inter-level travel time spent in this place.
 C = Inter-level travel time spent in this place.
 D = Time resting spent in this place.
 E = Time spent auto-exploring this place.
 F = Levels seen in this place.
 G = Mean time per level.
                   A        B        C        D        E       F      G
               +--------+--------+--------+--------+--------+-----+--------+
         Total |  11236 |  10857 |    379 |    669 |   9066 |  10 | 1123.6 |
       Dungeon |  10875 |  10552 |    323 |    669 |   8773 |   9 | 1208.3 |
        Temple |    360 |    305 |     55 |      0 |    293 |   1 |  360.0 |
               +--------+--------+--------+--------+--------+-----+--------+

Top non-repeatable levels by time:
     D:8: 1724 daAuts
     D:6: 1385 daAuts
     D:5: 1350 daAuts
     D:3: 1327 daAuts
     D:7: 1285 daAuts
     D:4: 1270 daAuts
     D:1: 1189 daAuts
     D:2: 1162 daAuts
  Temple: 360 daAuts
     D:9: 180 daAuts
